SL
GRAFTON MIDDIES @ NORTHERN VIRGINIA RAINBOW MERMAIDS
08/20/2027
 
TOP OF THE 1ST
Grafton Middies batting - Pitching for Northern Virginia Rainbow Mermaids : RHP Aurelio López
Pitching: RHP Aurelio López
Batting: RHB Pedro Santos 0-0: Foul Ball, location: 2F
0-1: Ball
1-1: Ball
2-1: Foul Ball, location: 2F
2-2: Foul Ball, location: 2F
2-2: Foul Ball, location: 2F
2-2: Foul Ball, location: 2F
2-2: Reached on error, E5 (Groundball, 5)
Batting: RHB Dave Ash 0-0: Called Strike
0-1: SINGLE (Flyball, 9S)
Pedro Santos to third
Batting: LHB Mario Ramos 0-0: Called Strike
0-1: Foul Ball, location: 2F
0-2: Ball
1-2: Ball
2-2: Fly out, F8 (Flyball, 8RD)
Runner from 3rd tags up, SCORES, no throw
Batting: RHB Stefano Gaddi 0-0: Foul Ball, location: 2F
0-1: Called Strike
0-2: Ball
1-2: SINGLE (Groundball, 6MD)
Dave Ash to second
Batting: SHB Jack MacAsgill 0-0: Called Strike
0-1: Ball
1-1: Ball
2-1: Fly out, F8 (Flyball, 8RS)
Batting: RHB Scotty Anderson 0-0: Called Strike
0-1: Ball
1-1: Foul Ball, location: 2F
1-2: Hit by Pitch
Dave Ash to third
Stefano Gaddi to second
Batting: RHB Carlos Maldonado 0-0: Fly out, F8 (Flyball, 78D)
Top of the 1st over - 1 run(s), 2 hit(s), 1 error(s), 3 left on base; Grafton 1 - Northern Virginia 0
BOTTOM OF THE 1ST
Northern Virginia Rainbow Mermaids batting - Pitching for Grafton Middies : LHP Allen Yohemas
Pitching: LHP Allen Yohemas
Batting: RHB Alfredo Pizarro 0-0: SINGLE (Line Drive, 78M)
Batting: RHB Brett Callison 0-0: Foul Ball, location: 2F
0-1: Foul Ball, location: 2F
0-2: Foul Ball, location: 2F
0-2: Foul Ball, location: 2F
0-2: Ball
1-2: Ball
2-2: Ball
3-2: Fly out, F9 (Flyball, 9LMF)
Batting: RHB Shohei Kiyomizu 0-0: Ball
1-0: Foul Ball, location: 2F
1-1: SINGLE (Groundball, 4MD)
Alfredo Pizarro to second
Batting: RHB Arlen Joysey 0-0: Swinging Strike
0-1: Swinging Strike
0-2: Ball
1-2: Strikes out swinging
Batting: RHB Ed Adams 0-0: SINGLE (Groundball, 56D)
Alfredo Pizarro to third
Shohei Kiyomizu to second
Runner from 3rd tries for Home, SAFE, throw made at trailing runner, OUT at third!
Bottom of the 1st over - 1 run(s), 3 hit(s), 0 error(s), 1 left on base; Grafton 1 - Northern Virginia 1
TOP OF THE 2ND
Grafton Middies batting - Pitching for Northern Virginia Rainbow Mermaids : RHP Aurelio López
Batting: LHB John Meléndez 0-0: TRIPLE (Line Drive, 3D)
Batting: RHB Lúcio López 0-0: Ball
1-0: Ball
2-0: Fly out, F6 (Line Drive, 6)
Batting: RHB Pedro Santos 0-0: Swinging Strike
0-1: Fly out, F4 (Line Drive, 4D)
Batting: RHB Dave Ash 0-0: Called Strike
0-1: Foul Ball, location: 2F
0-2: Strikes out swinging
Top of the 2nd over - 0 run(s), 1 hit(s), 0 error(s), 1 left on base; Grafton 1 - Northern Virginia 1
BOTTOM OF THE 2ND
Northern Virginia Rainbow Mermaids batting - Pitching for Grafton Middies : LHP Allen Yohemas
Batting: LHB Roberto Sánchez 0-0: SOLO HOME RUN (Flyball, 89XD), Distance : 429 ft
Batting: RHB Ethan Miller 0-0: Swinging Strike
0-1: Ball
1-1: Ball
2-1: Ball
3-1: Foul Ball, location: 2F
3-2: Base on Balls
Batting: LHB Munemori Ohara 0-0: Called Strike
0-1: Ball
1-1: Swinging Strike
1-2: Strikes out swinging
Batting: RHB Miguel Cruz 0-0: Ball
1-0: Swinging Strike
1-1: SINGLE (Line Drive, 78M)
Ethan Miller to second
Batting: RHB Alfredo Pizarro 0-0: Fielders Choice at 2nd, 6-4 (Groundball, 6)
Ethan Miller to third
Batting: RHB Brett Callison 0-0: Called Strike
0-1: Ball
1-1: Called Strike
1-2: Ball
2-2: Ball
3-2: Base on Balls
Alfredo Pizarro to second
Batting: RHB Shohei Kiyomizu 0-0: Ball
1-0: Ball
2-0: Called Strike
2-1: Ground out 1-3 (Groundball, P)
Bottom of the 2nd over - 1 run(s), 2 hit(s), 0 error(s), 3 left on base; Grafton 1 - Northern Virginia 2
TOP OF THE 3RD
Grafton Middies batting - Pitching for Northern Virginia Rainbow Mermaids : RHP Aurelio López
Batting: LHB Mario Ramos 0-0: Called Strike
0-1: Called Strike
0-2: Ball
1-2: Foul Ball, location: 2F
1-2: Strikes out swinging
Batting: RHB Stefano Gaddi 0-0: Ball
1-0: Ball
2-0: Ground out 5-3 (Groundball, 5)
Batting: SHB Jack MacAsgill 0-0: Ball
1-0: Ball
2-0: Ground out 5-3 (Groundball, 56S)
Top of the 3rd over - 0 run(s), 0 hit(s), 0 error(s), 0 left on base; Grafton 1 - Northern Virginia 2
BOTTOM OF THE 3RD
Northern Virginia Rainbow Mermaids batting - Pitching for Grafton Middies : LHP Allen Yohemas
Batting: RHB Arlen Joysey 0-0: Ball
1-0: Called Strike
1-1: Ball
2-1: Called Strike
2-2: Strikes out looking
Batting: RHB Ed Adams 0-0: Ball
1-0: Ground out U3 (Groundball, 34)
Batting: LHB Roberto Sánchez 0-0: Ball
1-0: Swinging Strike
1-1: Swinging Strike
1-2: Strikes out swinging
Bottom of the 3rd over - 0 run(s), 0 hit(s), 0 error(s), 0 left on base; Grafton 1 - Northern Virginia 2
TOP OF THE 4TH
Grafton Middies batting - Pitching for Northern Virginia Rainbow Mermaids : RHP Aurelio López
Batting: RHB Scotty Anderson 0-0: Ball
1-0: SINGLE (Groundball, 6D)
Batting: RHB Carlos Maldonado 0-0: Ball
1-0: Called Strike
1-1: Ball
2-1: Fly out, F7 (Flyball, 78S)
Batting: LHB John Meléndez 0-0: Foul Ball, location: 2F
0-1: Ball
1-1: Ball
2-1: Ball
3-1: DOUBLE (Line Drive, 89D)
Scotty Anderson to third
Runner from 3rd tries for Home, SAFE, throw made home
Batting: RHB Lúcio López 0-0: Foul Ball, location: 2F
0-1: Ball
1-1: Ground out 5-3 (Groundball, 56S)
John Meléndez to third
Batting: RHB Pedro Santos 0-0: Ball
1-0: Fly out, F9 (Flyball, 9S)
Top of the 4th over - 1 run(s), 2 hit(s), 0 error(s), 1 left on base; Grafton 2 - Northern Virginia 2
BOTTOM OF THE 4TH
Northern Virginia Rainbow Mermaids batting - Pitching for Grafton Middies : LHP Allen Yohemas
Batting: RHB Ethan Miller 0-0: Foul Ball, location: 2F
0-1: Foul Ball, location: 2F
0-2: Ball
1-2: Ground out 5-3 (Groundball, 56)
Batting: LHB Munemori Ohara 0-0: Foul Ball, location: 2F
0-1: Ball
1-1: Ball
2-1: SINGLE (Line Drive, 34D)
Batting: RHB Miguel Cruz 0-0: Ball
1-0: Grounds into double play, 6-4-3 (Groundball, 6)
Bottom of the 4th over - 0 run(s), 1 hit(s), 0 error(s), 0 left on base; Grafton 2 - Northern Virginia 2
TOP OF THE 5TH
Grafton Middies batting - Pitching for Northern Virginia Rainbow Mermaids : RHP Aurelio López
Batting: RHB Dave Ash 0-0: Ball
1-0: Called Strike
1-1: Called Strike
1-2: Ball
2-2: Foul Ball, location: 2F
2-2: Foul Ball, location: 2F
2-2: Fly out, F8 (Line Drive, 8RS)
Batting: LHB Mario Ramos 0-0: Ball
1-0: Ball
2-0: Foul Ball, location: 2F
2-1: Called Strike
2-2: Ball
3-2: Strikes out swinging
Batting: RHB Stefano Gaddi 0-0: Ball
1-0: Ball
2-0: Called Strike
2-1: Foul Ball, location: 2F
2-2: Foul Ball, location: 2F
2-2: Ground out 5-3 (Groundball, 56)
Top of the 5th over - 0 run(s), 0 hit(s), 0 error(s), 0 left on base; Grafton 2 - Northern Virginia 2
BOTTOM OF THE 5TH
Northern Virginia Rainbow Mermaids batting - Pitching for Grafton Middies : LHP Allen Yohemas
Batting: RHB Alfredo Pizarro 0-0: Ball
1-0: Called Strike
1-1: Ball
2-1: Called Strike
2-2: Foul Ball, location: 2F
2-2: Foul Ball, location: 2F
2-2: Ground out 6-3 (Groundball, 6)
Batting: RHB Brett Callison 0-0: Ball
1-0: Foul Ball, location: 2F
1-1: Called Strike
1-2: Foul Ball, location: 2F
1-2: SOLO HOME RUN (Flyball, 7LD), Distance : 345 ft
Batting: RHB Shohei Kiyomizu 0-0: Called Strike
0-1: Ball
1-1: Ball
2-1: Foul Ball, location: 2F
2-2: Ball
3-2: Base on Balls
Batting: RHB Arlen Joysey 0-0: Called Strike
0-1: Foul Ball, location: 2F
0-2: Ball
1-2: Ball
2-2: Ball
3-2: 2-RUN HOME RUN (Flyball, 78XD), Distance : 416 ft
Pitching: LHP Luis Torres
Batting: RHB Ed Adams 0-0: Foul Ball, location: 2F
0-1: Foul Ball, location: 2F
0-2: Ball
1-2: Foul Ball, location: 2F
1-2: Ball
2-2: Foul Ball, location: 2F
2-2: Strikes out looking
Batting: LHB Roberto Sánchez 0-0: Ball
1-0: Ball
2-0: SINGLE (Groundball, 34D)
Batting: RHB Ethan Miller 0-0: SINGLE (Groundball, 56D)
Roberto Sánchez to second
Batting: LHB Munemori Ohara 0-0: Foul Ball, location: 2F
0-1: Ball
1-1: Ball
2-1: SINGLE (Line Drive, 4M)
Roberto Sánchez to third
Ethan Miller to second
Batting: RHB Miguel Cruz 0-0: Called Strike
0-1: SINGLE (Line Drive, 8LS)
Roberto Sánchez scores
Ethan Miller to third
Munemori Ohara to second
Batting: RHB Alfredo Pizarro 0-0: Called Strike
0-1: Ball
1-1: Fly out, F5 (Line Drive, 5)
Bottom of the 5th over - 4 run(s), 6 hit(s), 0 error(s), 3 left on base; Grafton 2 - Northern Virginia 6
TOP OF THE 6TH
Grafton Middies batting - Pitching for Northern Virginia Rainbow Mermaids : RHP Aurelio López
Batting: SHB Jack MacAsgill 0-0: Foul Ball, location: 2F
0-1: Ball
1-1: Swinging Strike
1-2: Ground out U3 (Groundball, 3)
Batting: RHB Scotty Anderson 0-0: Ball
1-0: Called Strike
1-1: Ground out 5-3 (Groundball, 5S)
Batting: RHB Carlos Maldonado 0-0: Ball
1-0: Ball
2-0: Called Strike
2-1: Ground out 5-3 (Groundball, 56)
Top of the 6th over - 0 run(s), 0 hit(s), 0 error(s), 0 left on base; Grafton 2 - Northern Virginia 6
BOTTOM OF THE 6TH
Northern Virginia Rainbow Mermaids batting - Pitching for Grafton Middies : LHP Luis Torres
Batting: RHB Brett Callison 0-0: Ball
1-0: Ground out 5-3 (Groundball, 5)
Batting: RHB Shohei Kiyomizu 0-0: Called Strike
0-1: Ball
1-1: Ball
2-1: Ball
3-1: Ground out 3-1 (Groundball, 34)
Batting: RHB Arlen Joysey 0-0: Ball
1-0: SOLO HOME RUN (Flyball, 7LD), Distance : 352 ft
Batting: RHB Ed Adams 0-0: Ball
1-0: Ball
2-0: Called Strike
2-1: Called Strike
2-2: Fly out, F9 (Flyball, 89D)
Bottom of the 6th over - 1 run(s), 1 hit(s), 0 error(s), 0 left on base; Grafton 2 - Northern Virginia 7
TOP OF THE 7TH
Grafton Middies batting - Pitching for Northern Virginia Rainbow Mermaids : RHP Aurelio López
Batting: LHB John Meléndez 0-0: Fly out, F8 (Line Drive, 78D)
Batting: RHB Lúcio López 0-0: Ball
1-0: Called Strike
1-1: Called Strike
1-2: Strikes out swinging
Batting: RHB Pedro Santos 0-0: Foul Ball, location: 2F
0-1: Ball
1-1: Called Strike
1-2: Ball
2-2: Ground out 6-3 (Groundball, 4M)
Top of the 7th over - 0 run(s), 0 hit(s), 0 error(s), 0 left on base; Grafton 2 - Northern Virginia 7
BOTTOM OF THE 7TH
Northern Virginia Rainbow Mermaids batting - Pitching for Grafton Middies : LHP Luis Torres
Batting: LHB Roberto Sánchez 0-0: SOLO HOME RUN (Flyball, 9LD), Distance : 345 ft
Batting: RHB Ethan Miller 0-0: Ball
1-0: Foul Ball, location: 2F
1-1: Ball
2-1: Ground out 6-3 (Groundball, 6)
Batting: LHB Munemori Ohara 0-0: Foul Ball, location: 2F
0-1: Fly out, F7 (Flyball, 7)
Batting: RHB Miguel Cruz 0-0: Ball
1-0: Swinging Strike
1-1: Ball
2-1: Hit by Pitch
Batting: RHB Alfredo Pizarro 0-0: Ball
1-0: Fielders Choice at 2nd, 5-4 (Groundball, 56)
Bottom of the 7th over - 1 run(s), 1 hit(s), 0 error(s), 0 left on base; Grafton 2 - Northern Virginia 8
TOP OF THE 8TH
Grafton Middies batting - Pitching for Northern Virginia Rainbow Mermaids : RHP Aurelio López
Pitching: RHP David Hudson
Now at C: Ju-chan Pak
Batting: RHB Dave Ash 0-0: Ball
1-0: Ball
2-0: Ball
3-0: Foul Ball, location: 2F
3-1: Fly out, F9 (Line Drive, 89D)
Batting: LHB Mario Ramos 0-0: Ball
1-0: Called Strike
1-1: Ball
2-1: Foul Ball, location: 2F
2-2: Strikes out swinging
Batting: RHB Stefano Gaddi 0-0: Called Strike
0-1: Foul Ball, location: 2F
0-2: Ball
1-2: Strikes out swinging
Top of the 8th over - 0 run(s), 0 hit(s), 0 error(s), 0 left on base; Grafton 2 - Northern Virginia 8
BOTTOM OF THE 8TH
Northern Virginia Rainbow Mermaids batting - Pitching for Grafton Middies : LHP Luis Torres
Batting: RHB Brett Callison 0-0: Called Strike
0-1: Foul Ball, location: 2F
0-2: Fly out, F8 (Flyball, 8RD)
Pitching: RHP Truman Valentine
Batting: RHB Shohei Kiyomizu 0-0: Ball
1-0: Ball
2-0: Fly out, F1 (Line Drive, 13)
Batting: RHB Arlen Joysey 0-0: Foul Ball, location: 2F
0-1: Foul Ball, location: 2F
0-2: Ball
1-2: Ball
2-2: Foul Ball, location: 2F
2-2: Strikes out swinging
Bottom of the 8th over - 0 run(s), 0 hit(s), 0 error(s), 0 left on base; Grafton 2 - Northern Virginia 8
TOP OF THE 9TH
Grafton Middies batting - Pitching for Northern Virginia Rainbow Mermaids : RHP David Hudson
Batting: SHB Jack MacAsgill 0-0: Ball
1-0: Foul Ball, location: 2F
1-1: Ball
2-1: Ground out 6-3 (Groundball, 6M)
Batting: RHB Scotty Anderson 0-0: Ground out 1-3 (Groundball, 13)
Batting: RHB Carlos Maldonado 0-0: Ball
1-0: Called Strike
1-1: SINGLE (Groundball, 4MD)
Batting: LHB John Meléndez 0-0: Ball
1-0: Ball
2-0: Ball
3-0: Base on Balls
Carlos Maldonado to second
Batting: RHB Lúcio López 0-0: Ball
1-0: Called Strike
1-1: Ball
2-1: Swinging Strike
2-2: Ball
3-2: Base on Balls
Carlos Maldonado to third
John Meléndez to second
Batting: RHB Pedro Santos 0-0: Called Strike
0-1: Ball
1-1: Foul Ball, location: 2F
1-2: Foul Ball, location: 2F
1-2: Ball
2-2: Foul Ball, location: 2F
2-2: Foul Ball, location: 2F
2-2: Strikes out swinging
Top of the 9th over - 0 run(s), 1 hit(s), 0 error(s), 3 left on base; Grafton 2 - Northern Virginia 8
Saturday, May 26th, 2018 - OOTP Baseball 17.12 Build 75